 Dungeon Crawl Stone Soup version 0.29-a0-219-g0a02b1cf4f (webtiles) character file.

Game seed: 13764397324989811228

151 shoop the Shooter (level 5, 0/30 HPs)
             Began as a Deep Elf Hunter on Feb 26, 2022.
             Was a Follower of Elyvilon.
             Slain by Ijyb
             ... wielding a +0 dagger
              (3 damage)
             ... on level 4 of the Dungeon.
             The game lasted 00:03:20 (2256 turns).

shoop the Shooter (Deep Elf Hunter)                 Turns: 2256, Time: 00:03:21

Health: 0/30       AC:  3    Str: 15    XL:     5   Next: 11%
Magic:  7/7        EV: 13    Int: 18    God:    Elyvilon [*.....]
Gold:   233        SH:  0    Dex: 15    Spells: 1/4 levels left

rFire   . . .      SeeInvis .   a - +1 shortbow
rCold   . . .      Faith    .   (shield currently unavailable)
rNeg    . . .      Spirit   .   b - +0 leather armour
rPois   .          Reflect  .   (no helmet)
rElec   .          Harm     .   (no cloak)
rCorr   .          Rampage  .   (no gloves)
Will    .....                   (no boots)
Stlth   ++........              (no amulet)
HPRegen 0.10/turn               c - +6 ring of strength
MPRegen 0.10/turn               (no ring)

@: no status effects
A: no striking features
a: Renounce Religion, Purification


You were on level 4 of the Dungeon.
You worshipped Elyvilon.
Elyvilon was aware of your devotion.
You visited 1 branch of the dungeon, and saw 4 of its levels.

You collected 233 gold pieces.

Inventory:

Hand Weapons
 a - a +1 shortbow (weapon)
Armour
 b - a +0 leather armour (worn)
Jewellery
 c - a +6 ring of strength (left hand)
Scrolls
 d - 2 scrolls of blinking {unknown}
 g - 5 scrolls of identify {unknown}
 k - a scroll of noise {unknown}
 l - a scroll of acquirement {unknown}
 m - a scroll of brand weapon {unknown}
 n - a scroll of immolation {unknown}
 o - 2 scrolls of teleportation {unknown}
 p - a scroll of fear {unknown}
Potions
 e - a potion of berserk rage {unknown}
 f - 2 potions of attraction {unknown}
 h - 2 potions of heal wounds
 i - a potion of lignification {unknown}
 j - a potion of haste {unknown}


   Skills:
 - Level 2.2 Fighting
 * Level 6.9 Bows
 + Level 3.6 Dodging
 - Level 3.0 Stealth


You had one spell level left.
You knew the following spells:

 Your Spells              Type           Power      Damage    Failure   Level
a - Inner Flame           Hex/Fire       0%         N/A       63%         3

Your spell library contained the following spells:

 Spells                   Type           Power      Damage    Failure   Level
 Animate Skeleton         Necr           0%         N/A       26%         1
 Apportation              Tloc           0%         N/A       26%         1
 Foxfire                  Conj/Fire      0%         2x1d4     26%         1
 Shock                    Conj/Air       0%         1d3       26%         1
 Summon Small Mammal      Summ           0%         N/A       26%         1
 Conjure Flame            Conj/Fire      0%         6-21      63%         3
 Swiftness                Air            0%         N/A       63%         3
 Airstrike                Air            0%         N/A       95%         4
 Flame Wave               Conj/Fire      0%         2d4       95%         4


Dungeon Overview and Level Annotations

Branches:
Dungeon (4/15)             Temple (0/1) D:4

Altars:
Elyvilon
Makhleb

Annotations:
D:4 Ijyb


Message History

You shoot an arrow. The arrow barely misses Ijyb.
Ijyb hits you with a +0 dagger.
You shoot an arrow. The arrow hits Ijyb but does no damage.
Ijyb is severely wounded.
Ijyb hits you with a +0 dagger.
You shoot an arrow. The arrow hits Ijyb.
Ijyb is severely wounded.
Ijyb zaps a wand.
The puff of flame hits you! Ijyb hits you with a +0 dagger.
You are too injured to fight recklessly!
Shoot: a) +1 shortbow
Press: ? - help, Shift-Dir - straight line, f/p - Ijyb
Aim: Ijyb, wielding a +0 dagger, wearing a +0 ring mail and carrying a wand of flame (14) (severely wounded, 61% to hit)
You shoot an arrow. The arrow closely misses Ijyb.
Ijyb hits you but does no damage.
Shoot: a) +1 shortbow
Press: ? - help, Shift-Dir - straight line, f/p - Ijyb
Aim: Ijyb, wielding a +0 dagger, wearing a +0 ring mail and carrying a wand of flame (14) (severely wounded, 61% to hit)
You shoot an arrow. The arrow hits Ijyb.
Ijyb is severely wounded.
Ijyb hits you with a +0 dagger.
* * * LOW HITPOINT WARNING * * *
Shoot: a) +1 shortbow
Press: ? - help, Shift-Dir - straight line, f/p - Ijyb
Aim: Ijyb, wielding a +0 dagger, wearing a +0 ring mail and carrying a wand of flame (14) (severely wounded, 61% to hit)
You shoot an arrow. The arrow closely misses Ijyb.
Ijyb hits you with a +0 dagger.
* * * LOW HITPOINT WARNING * * *
Shoot: a) +1 shortbow
Press: ? - help, Shift-Dir - straight line, f/p - Ijyb
Aim: Ijyb, wielding a +0 dagger, wearing a +0 ring mail and carrying a wand of flame (14) (severely wounded, 61% to hit)
You shoot an arrow. The arrow hits Ijyb.
Ijyb is almost dead.
Ijyb hits you but does no damage.
Shoot: a) +1 shortbow
Press: ? - help, Shift-Dir - straight line, f/p - Ijyb
Aim: Ijyb, wielding a +0 dagger, wearing a +0 ring mail and carrying a wand of flame (14) (almost dead, 61% to hit)
You shoot an arrow. The arrow hits Ijyb.
Ijyb is almost dead.
Ijyb barely misses you. Ijyb hits you with a +0 dagger.
You die...

.... ...............
.....# .... #g....# .#
#.##.#####.###..>..###..
..#...#.##...#†....#....
.#....#...#...........#
.#....#........###...#
##..............#...#
...............g#...#
......###.......@...#
.......##........#.##
.......###......[..#
...##.## ##........#
#.##### ##.....### ###
##....# ######


You could see Ijyb.

Vanquished Creatures
  An iguana (D:2)
  An orc wizard (D:4)
  A gnoll (D:1)
  3 adders
  2 dart slugs
  2 orcs (D:4)
  4 endoplasms
  2 giant cockroaches (D:2)
  4 goblins
  5 hobgoblins
  8 kobolds
  5 quokkas
  5 ball pythons
  8 bats
  3 frilled lizards
  3 rats
57 creatures vanquished.

Notes
Turn   | Place    | Note
-------+----------+-------------------------------------------
     0 | D:1      | shoop the Deep Elf Hunter began the quest for the Orb.
     0 | D:1      | Reached XP level 1. HP: 12/12 MP: 3/3
    47 | D:1      | Found a faded altar of an unknown god.
    81 | D:1      | Reached XP level 2. HP: 17/17 MP: 4/4
   492 | D:2      | Reached skill level 6 in Bows
   492 | D:2      | Reached XP level 3. HP: 7/21 MP: 5/5
   925 | D:2      | Reached XP level 4. HP: 26/26 MP: 6/6
  1101 | D:2      | Found a burning altar of Makhleb.
  1131 | D:3      | Found a white marble altar of Elyvilon.
  1139 | D:3      | Became a worshipper of Elyvilon the Healer
  1788 | D:3      | Learned a level 3 spell: Inner Flame
  1980 | D:4      | Reached * piety under Elyvilon
  2032 | D:4      | Reached XP level 5. HP: 13/30 MP: 7/7
  2222 | D:4      | Found a staircase to the Ecumenical Temple.
  2229 | D:4      | Noticed Ijyb
  2256 | D:4      | Slain by Ijyb

Illustrated notes

Levels and vault maps discovered:
D:1:      nagdon_arrival_zigzag_paths, layout_basic,
          hellmonk_ecumenical_altar_run_dry
D:2:      layout_rooms, basic_altar, st_stairs_13
D:3:      layout_loops_ring, elyvilon_altar_5, glass_columns_a
D:4:      layout_cave_pools, grunt_dithmenos_smoke, minmay_temple_entry_tees,
          uniq_ijyb

Skill      XL: |  1  2  3  4 |
---------------+-------------+-----
Stealth        | 2 3 |  3.0
Fighting       | 2 |  2.2
Bows           | 6 |  6.9
Dodging        | 3 |  3.6

Action                   |  1- 3 |  4- 6 || total
-------------------------+-------+-------++-------
 Fire: Shortbow          |    58 |   113 ||   171
  Use: Potion            |       |     2 ||     2
Armor: Leather armour    |     1 |    19 ||    20
Dodge: Dodged            |     8 |    37 ||    45

Table legend: (Time is in decaauts)
 A = Elapsed time spent in this place.
 B = Non-inter-level travel time spent in this place.
 C = Inter-level travel time spent in this place.
 D = Time resting spent in this place.
 E = Time spent auto-exploring this place.
 F = Levels seen in this place.
 G = Mean time per level.
                   A        B        C        D        E       F      G
               +--------+--------+--------+--------+--------+-----+--------+
         Total |   2291 |   2238 |     53 |      0 |   1899 |   4 |  572.8 |
       Dungeon |   2291 |   2238 |     53 |      0 |   1899 |   4 |  572.8 |
               +--------+--------+--------+--------+--------+-----+--------+

Top non-repeatable levels by time:
     D:3: 852 daAuts
     D:2: 661 daAuts
     D:1: 488 daAuts
     D:4: 288 daAuts
